Map: Cerulean Fall LE

Players

Lighting

  • Race: Protoss Protoss
  • Spawn Location: 1:00

Kozan - Winner!

  • Race: Terran Terran
  • Spawn Location: 7:00

Event: WCS Montreal 2018

VOD

Have the link to the VOD?

Description

Time

  • Played on: Sept. 7, 2018, 1:35 p.m.
  • Length: 10:55

All games in this series

Show
View Real Time Build Order
Export as new Build Order

Lighting Protoss 

Build Orders:  

Get SALT Encoding   

  12  0:00  Probe  
  13  0:12  Probe  
  14  0:19  Pylon  
  14  0:25  Probe  
  15  0:37  Probe  
  15  0:38  Gateway  
  16  0:44  Assimilator  
  16  0:49  Probe  
  17  0:59  Probe  
  18  1:07  Probe  
  19  1:15  Probe  
  19  1:21  Assimilator  
  20  1:27  Probe  
  20  1:30  Zealot, Cybernetics Core  
  20  1:32  Pylon  
  23  1:50  Probe  
  24  1:56  Stalker  
  24  2:08  Probe  
  27  2:19  Stalker  
  27  2:20  Robotics Facility  
  27  2:21  Gateway  
  29  2:37  Warp Gate  
  29  2:45  Shield Battery  
  29  2:48  Stalker  
  30  3:05  Observer  
  30  3:10  Pylon  
  31  3:28  Nexus  
  31  3:29  Immortal  
  35  3:45  Pylon  
  35  3:46  Stalker  
  37  3:53  Stalker  
  37  3:55  Observer  
  39  4:04  Pylon  
  39  4:07  Warp Prism  
  41  4:20  Stalker  
  43  4:28  Stalker  
  45  4:33  Probe  
  46  4:39  Probe  
  47  4:49  Observer  
  45  5:16  Probe x2  
  47  5:28  Probe x2  
  49  5:33  Twilight Council, Observer  
  50  5:38  Stalker x2  
  50  5:40  Probe x2  
  54  5:52  Probe x2  
  43  6:04  Probe x2, Zealot x2  
  41  6:14  Probe  
  41  6:17  Probe  
  42  6:26  Probe  
  42  6:32  Probe  
  44  6:45  Stalker  
  39  6:47  Stalker  
  39  6:53  Probe x2  
  42  7:07  Probe  
  44  7:20  Probe  
  44  7:23  Probe  
  44  7:25  Dark Shrine  
  44  7:28  Probe  
  45  7:31  Probe  
  45  7:36  Probe  
  48  7:54  Probe x2  
  50  8:02  Assimilator  
  50  8:06  Probe  
  51  8:14  Gateway x2  
  51  8:18  Probe x2  
  53  8:34  Probe x2  
  55  8:42  Dark Templar x2  
  55  8:45  Dark Templar x2  
  46  9:16  Dark Templar  
  44  9:18  Dark Templar  
  43  9:45  Dark Templar x2  
  45  9:49  Pylon  
  45  9:50  Pylon  
  45  9:52  Pylon  
  47  10:07  Probe  
  47  10:10  Dark Templar x2  
  52  10:18  Zealot x2  
  52  10:19  Probe  
  57  10:31  Probe  
  56  10:39  Dark Templar  
  56  10:41  Zealot  
  58  10:47  Zealot  
  58  10:48  Zealot  
Show
View Real Time Build Order
Export as new Build Order

Kozan Terran - Winner!

Build Orders: Cyclone Opening 

Get SALT Encoding   

  12  0:01  SCV  
  13  0:13  SCV  
  14  0:18  Supply Depot  
  14  0:25  SCV  
  15  0:39  SCV  
  15  0:41  Barracks  
  16  0:46  Refinery  
  16  0:51  SCV  
  16  0:56  Refinery  
  17  1:03  SCV  
  18  1:16  SCV  
  19  1:27  Marine  
  19  1:28  Orbital Command  
  20  1:35  Factory  
  20  1:44  Supply Depot  
  20  1:49  Barracks Reactor  
  20  1:55  SCV  
  21  2:07  SCV  
  22  2:21  SCV  
  23  2:33  Cyclone  
  23  2:34  Marine x2  
  23  2:35  SCV  
  29  2:38  Starport, Supply Depot  
  29  2:47  SCV  
  30  2:59  SCV  
  31  3:06  Cyclone  
  34  3:15  Starport Tech Lab  
  34  3:20  Command Center, SCV  
  35  3:32  Supply Depot  
  35  3:34  Cloaking Field  
  35  3:39  Banshee  
  38  3:43  SCV  
  40  3:55  SCV  
  40  3:59  Supply Depot  
  40  4:07  SCV  
  41  4:21  Barracks Tech Lab  
  41  4:22  Banshee  
  44  4:26  Bunker  
  44  4:27  SCV  
  45  4:32  Orbital Command  
  45  4:40  Barracks  
  45  4:41  Stimpack, Marine  
  45  4:43  SCV  
  47  4:51  Orbital Command  
  47  4:56  SCV  
  47  4:58  Barracks  
  48  5:04  Bunker  
  48  5:10  SCV  
  49  5:17  Marine  
  49  5:20  SCV  
  51  5:22  SCV  
  51  5:23  Starport Reactor  
  51  5:27  Siege Tank  
  55  5:30  Barracks Reactor  
  55  5:32  SCV  
  55  5:34  SCV  
  57  5:38  Marine  
  58  5:44  SCV  
  58  5:47  SCV, Marine  
  61  5:56  Marine  
  62  5:58  SCV  
  60  6:05  Marine  
  51  6:11  SCV  
  51  6:13  SCV, Marine  
  51  6:14  Marine x2  
  51  6:16  Medivac x2, Siege Tank  
  58  6:23  SCV  
  60  6:26  SCV  
  60  6:28  Barracks Tech Lab  
  60  6:32  Marauder, Marine, Supply Depot  
  63  6:33  Engineering Bay  
  63  6:35  SCV, Marine  
  63  6:38  SCV  
  66  6:47  SCV  
  66  6:49  Marine  
  66  6:50  SCV  
  66  6:51  Concussive Shells  
  66  6:53  Siege Tank  
  72  6:56  Refinery  
  72  6:58  Supply Depot  
  72  7:00  SCV  
  73  7:02  SCV  
  73  7:03  Marine x2  
  73  7:05  Marine  
  77  7:17  Marine  
  77  7:20  Medivac  
  77  7:21  Marine  
  77  7:22  SCV x2  
  83  7:23  Supply Depot  
  83  7:25  Terran Infantry Weapons Level 1  
  83  7:26  Supply Depot  
  83  7:27  Marine  
  84  7:34  Marine  
  84  7:35  SCV  
  86  7:44  Marine  
  86  7:45  SCV, Siege Tank  
  86  7:47  SCV  
  92  7:56  Marine x2  
  92  7:57  Barracks Tech Lab  
  94  7:58  SCV  
  94  8:02  Supply Depot  
  94  8:05  Marine, Supply Depot  
  95  8:06  Medivac  
  95  8:08  SCV  
  95  8:10  SCV  
  100  8:13  Marine  
  100  8:18  Marine  
  102  8:24  SCV, Siege Tank, Marine x2  
  105  8:31  Marine  
  106  8:35  SCV  
  106  8:36  Marine  
  108  8:43  SCV  
  109  8:49  SCV, Marine x2  
  109  8:54  Supply Depot  
  111  8:55  Supply Depot  
  111  8:56  SCV  
  111  8:57  Command Center  
  111  9:01  Missile Turret  
  109  9:05  SCV  
  109  9:07  Marauder  
  109  9:08  Missile Turret  
  104  9:10  SCV  
  104  9:18  SCV  
  104  9:19  Marine x2  
  107  9:26  Missile Turret  
  107  9:29  Marauder  
  109  9:31  Refinery  
  109  9:37  SCV x2  
  108  9:42  Marine x2  
  108  9:43  Barracks Tech Lab  
  110  9:49  SCV x2  
  110  9:50  Marauder  
  114  10:00  Marine x2  
  114  10:01  SCV x2  
  114  10:03  Missile Turret  
  114  10:05  Marauder  
  120  10:10  Factory Reactor  
  120  10:11  Marine  
  120  10:12  Raven  
  123  10:14  SCV  
  123  10:17  Bunker  
  123  10:18  Marine  
  125  10:23  Orbital Command  
  122  10:29  Marauder  
  122  10:34  Marine x2  
  126  10:36  SCV  
Tags
 
Add a new tag
Caveats
  • Supply blocks, unpowered buildings, or Contaminate may cause inaccurate times.
  • Supply counts are checked every 10 seconds.